 Dungeon Crawl Stone Soup version 0.30.1-4-g462c640d31 (webtiles) character file.

Game seed: 12895629822557589629

35 Hetzau the Sneak (level 3, -5/18 HPs)
             Began as a Spriggan Brigand on Sept 18, 2023.
             Slain by a gnoll
             ... wielding a +0 spear
              (6 damage)
             ... on level 2 of the Dungeon.
             The game lasted 00:08:00 (1283 turns).

Hetzau the Sneak (Spriggan Brigand)                 Turns: 1283, Time: 00:08:00

Health: -5/18      AC: 10    Str:  7    XL:     3   Next: 16%
Magic:  4/4        EV: 17    Int: 12    God:
Gold:   77         SH:  0    Dex: 18    Spells: 2/2 levels left

rFire   . . .        j - +2 dagger (protect)
rCold   . . .        (no shield)
rNeg    . . .        b - +0 robe
rPois   .            (helmet restricted)
rElec   .            c - +0 cloak
rCorr   .            (gloves unavailable)
SInv    +            (boots unavailable)
Will    .....        (no amulet)
Stlth   +++          (no ring)
HPRegen 0.23/turn    (no ring)
MPRegen 0.09/turn

%: no passive effects
@: under a protective aura, very quick
A: very small, no large weapons, unfitting armour, see invisible, speed 3
a: no special abilities


You were on level 2 of the Dungeon.
You visited 1 branch of the dungeon, and saw 2 of its levels.

You collected 77 gold pieces.

Inventory:

Hand Weapons
 a - a +2 dagger
 i - a +0 dagger
 j - a +2 dagger of protection (weapon)
Missiles
 d - 9 poisoned darts (quivered)
 e - 3 curare-tipped darts
Armour
 b - a +0 robe (worn)
 c - a +0 cloak (worn)
Jewellery
 h - a ring of wizardry
Scrolls
 f - a scroll of magic mapping {unknown}
 g - a scroll of identify {unknown}
 k - a scroll of enchant weapon {unknown}


   Skills:
 + Level 2.0 Fighting
 + Level 2.7 Short Blades
 - Level 2.0 Throwing
 + Level 2.3 Dodging
 + Level 6.3 Stealth


You had 2 spell levels left.
You didn't know any spells.
Your spell library contained the following spells:

 Spells                   Type           Power      Damage    Failure   Level
 Slow                     Hex            0%         N/A       32%         1
 Confusing Touch          Hex            0%         N/A       69%         3
 Dazzling Flash           Conj/Hex       0%         N/A       69%         3
 Vampiric Draining        Necr           0%         2d6       69%         3
 Volatile Blastmotes      Fire/Tloc      0%         2d10      69%         3
 Iskenderun's Mystic Bla  Conj/Tloc      0%         2d3       97%         4
 Starburst                Conj/Fire      0%         6d3       100%        6


Dungeon Overview and Level Annotations

Branches:
Dungeon (2/15)

Altars:

Shops:
D:1 =((*

Annotations:
D:1 2 transporters


Innate Abilities, Weirdness & Mutations

You are very small and have problems with some larger weapons.
You are too small for most types of armour.
You have supernaturally acute eyesight. (SInv)
You cover ground extremely quickly. (Speed+++)


Message History

The gnoll barely misses you.
You closely miss the gnoll. The gnoll hits you with a +0 spear.
The gnoll misses you.
The gnoll shouts!
You hit the gnoll.
Your weapon exudes an aura of protection.
The gnoll is lightly wounded.
The gnoll closely misses you.
You barely miss the gnoll.
The gnoll is lightly wounded.
The gnoll completely misses you.
The gnoll hits you from afar with a +0 spear of flaming.
* * * LOW HITPOINT WARNING * * *
The gnoll burns you.
* * * LOW HITPOINT WARNING * * *
The gnoll hits you but does no damage.
You hit the gnoll.
The gnoll is moderately wounded.
The gnoll completely misses you. The gnoll barely misses you.
The gnoll closely misses you.
You completely miss the gnoll.
The gnoll is moderately wounded.
The gnoll barely misses you. x2; The gnoll misses you.
You closely miss the gnoll.
The gnoll is moderately wounded.
You hit the gnoll but do no damage.
The gnoll is moderately wounded.
The gnoll barely misses you. The gnoll hits you with a +0 halberd.
* * * LOW HITPOINT WARNING * * *
The gnoll completely misses you.
You hit the gnoll.
The gnoll is moderately wounded.
The gnoll misses you. x2; The gnoll barely misses you.
You hit the gnoll.
The gnoll is severely wounded.
The gnoll completely misses you. x3
You barely miss the gnoll.
The gnoll is severely wounded.
The gnoll hits you with a +0 spear.
You die...

#......>.. #........
#....... #....>##
#......# #..#....##
#.....### #
#.......## #.
#.g@g.#..###
##.#####.#.##<..#
.......#g#.####..#
.......#.#..........
..<........## .#.#
.......†...#####..# #
..................#
.............#†##...#
................... .


You could see 3 gnolls.

Vanquished Creatures
  A dart slug (D:1)
  4 ball pythons
  2 endoplasms (D:1)
  2 giant cockroaches (D:1)
  5 goblins
  A hobgoblin (D:1)
  A jackal (D:2)
  3 kobolds (D:1)
  2 quokkas (D:1)
  4 bats (D:1)
  A frilled lizard (D:1)
  3 rats (D:1)
29 creatures vanquished.

Notes
Turn   | Place    | Note
-------+----------+-------------------------------------------
     0 | D:1      | Hetzau the Spriggan Brigand began the quest for the Orb.
     0 | D:1      | Reached XP level 1. HP: 10/10 MP: 2/2
   143 | D:1      | Reached skill level 6 in Stealth
   186 | D:1      | Found a transporter.
   188 | D:1      | Found Uckizorch's Jewellery Boutique.
   229 | D:1      | Reached XP level 2. HP: 15/15 MP: 3/3
   338 | D:1      | Found Bidos Osmeo's General Store.
   343 | D:1      | Found Tueschero's Weapon Shoppe.
   416 | D:1      | Found Ceawnuh's Weapon Shoppe.
   570 | D:1      | Found a transporter.
   766 | D:1      | Reached XP level 3. HP: 2/18 MP: 4/4
  1283 | D:2      | Slain by a gnoll

Illustrated notes

Levels and vault maps discovered:
D:1:      kilobyte_arrival_exit_the_forest, layout_basic, serial_shops, shop,
          nicolae_shop_drivethru, nicolae_shop_tiny_statue_garden, shop,
          minmay_cut_off
D:2:      layout_rooms, nicolae_grassy_gnolls

Skill      XL: |  1  2 |
---------------+-------+-----
Stealth        | 6 |  6.3
Dodging        | 2 |  2.3
Fighting       | 2 |  2.0
Short Blades   | |  2.7
Throwing       | |  2.0

Action                     || total
---------------------------++-------
  Melee: Dagger            ||    80
   Stab: Sleeping          ||     8
 Armour: Robe              ||    11
  Dodge: Dodged            ||    65
